[ PARTIDA AOE2 · #461639601 ]
Team RMPersas vs Persians
[ ANÁLISIS DE REPETICIÓN · EXTRAÍDO DE LA PARTIDA GRABADA ]
Feudal
13:25
Castillos
21:43
Imperial
41:47
| APM promedio | 33.4 |
| APM pico | 91 |
| eAPM promedio | 19.3 |
| Aldeanos / militares | 129 / 401 |
Foco
⚔️ 51.1% · 🌾 48.9%
Archer ×210 · War Elephant ×105 · Spearman ×61 · Bombard Cannon ×16 · Trebuchet (Packed) ×8 · Trade Cart ×3
Feudal
12:27
Castillos
23:16
Imperial
37:26
| APM promedio | 12.2 |
| APM pico | 41 |
| eAPM promedio | 10.1 |
| Aldeanos / militares | 114 / 628 |
Foco
⚔️ 40.6% · 🌾 59.4%
Samurai ×330 · Militia ×286 · Trade Cart ×45 · Battering Ram ×7 · Mangonel ×5
Feudal
14:47
Castillos
22:29
Imperial
33:31
| APM promedio | 20.6 |
| APM pico | 82 |
| eAPM promedio | 16.0 |
| Aldeanos / militares | 76 / 662 |
Foco
⚔️ 68.9% · 🌾 31.1%
Bolas Rider ×225 · Kona ×183 · Spearman ×155 · Skirmisher ×85 · Trade Cart ×21 · Trebuchet (Packed) ×14
Feudal
14:03
Castillos
25:04
Imperial
42:22
| APM promedio | 15.3 |
| APM pico | 76 |
| eAPM promedio | 11.5 |
| Aldeanos / militares | 156 / 350 |
Foco
⚔️ 26.8% · 🌾 73.2%
Scorpion ×158 · Battle Elephant ×153 · Trade Cart ×63 · Ballista Elephant ×23 · Scout Cavalry ×15 · Monk ×1
Feudal
—
Castillos
—
Imperial
—
| APM promedio | 12.6 |
| APM pico | 46 |
| eAPM promedio | 10.9 |
| Aldeanos / militares | 100 / 513 |
Foco
⚔️ 47.8% · 🌾 52.2%
Spearman ×128 · Teutonic Knight ×123 · Knight ×82 · Hand Cannoneer ×76 · Militia ×54 · Trade Cart ×40
Feudal
13:09
Castillos
22:03
Imperial
42:29
| APM promedio | 14.4 |
| APM pico | 28 |
| eAPM promedio | 10.6 |
| Aldeanos / militares | 145 / 553 |
Foco
⚔️ 40.0% · 🌾 60.0%
Camel Scout ×303 · Cataphract ×73 · Scout Cavalry ×65 · Skirmisher ×52 · Cavalry Archer ×38 · Trade Cart ×20
Feudal
—
Castillos
—
Imperial
—
| APM promedio | 19.0 |
| APM pico | 62 |
| eAPM promedio | 15.3 |
| Aldeanos / militares | 119 / 507 |
Foco
⚔️ 54.8% · 🌾 45.2%
Spearman ×203 · Knight ×118 · Scout Cavalry ×89 · Scorpion ×39 · Trade Cart ×36 · Bombard Cannon ×34
Feudal
10:27
Castillos
22:22
Imperial
38:41
| APM promedio | 29.3 |
| APM pico | 100 |
| eAPM promedio | 24.7 |
| Aldeanos / militares | 169 / 1381 |
Foco
⚔️ 51.1% · 🌾 48.9%
Archer ×697 · Spearman ×375 · War Elephant ×297 · Trade Cart ×33 · Trebuchet (Packed) ×11 · Monk ×1
Mapa de la partida
Recursos al inicio + cada clic de construcción. Línea gruesa = muro · recuadro discontinuo = muro de casas detectado. 🟡 oro · ⚪ piedra · 🟢 bayas · 🔶 jabalí · ⭕ reliquia
Inputs por minuto
— Jam Postman - - Drak
Build order — Jam Postman
Primeras 150 de 752 acciones detectadas
| 0:03 | Crear | Villager (Male) |
| 0:03 | Crear | Villager (Male) |
| 0:03 | Crear | Villager (Male) |
| 0:04 | Construir | House |
| 0:05 | Construir | House |
| 0:08 | Construir | House |
| 0:15 | Crear | Villager (Male) |
| 0:15 | Crear | Villager (Male) |
| 1:24 | Construir | House |
| 1:26 | Construir | House |
| 1:48 | Construir | House |
| 1:49 | Construir | House |
| 2:15 | Construir | Palisade Wall |
| 2:20 | Construir | Palisade Gate |
| 2:31 | Crear | Villager (Male) |
| 3:01 | Construir | Palisade Wall |
| 3:07 | Construir | Palisade Gate |
| 3:10 | Construir | Palisade Wall |
| 3:23 | Crear | Villager (Male) |
| 4:16 | Construir | House |
| 4:17 | Construir | House |
| 4:19 | Construir | House |
| 4:21 | Crear | Villager (Male) |
| 5:04 | Crear | Villager (Male) |
| 5:06 | Crear | Villager (Male) |
| 5:43 | Crear | Villager (Male) |
| 6:10 | Crear | Villager (Male) |
| 6:10 | Crear | Villager (Male) |
| 7:12 | Crear | Villager (Male) |
| 7:16 | Investigar | Loom |
| 7:21 | Construir | Lumber Camp |
| 7:49 | Crear | Villager (Male) |
| 8:16 | Crear | Villager (Male) |
| 8:42 | Crear | Villager (Male) |
| 9:54 | Crear | Villager (Male) |
| 10:11 | Crear | Villager (Male) |
| 10:25 | Construir | Barracks |
| 10:36 | Construir | Mining Camp |
| 10:39 | Crear | Villager (Male) |
| 10:51 | Construir | Mill |
| 10:59 | Construir | Mill |
| 11:21 | Investigar | Feudal Age |
| 11:27 | Crear | Villager (Male) |
| 11:59 | Construir | Lumber Camp |
| 12:04 | Construir | Mill |
| 12:20 | Crear | Villager (Male) |
| 12:32 | Construir | Lumber Camp |
| 12:35 | Crear | Villager (Male) |
| 13:02 | Crear | Villager (Male) |
| 13:25 | Edad | Edad Feudal |
| 13:31 | Investigar | Horse Collar |
| 14:02 | Crear | Villager (Male) |
| 14:25 | Crear | Villager (Male) |
| 14:53 | Crear | Villager (Male) |
| 15:06 | Construir | Archery Range |
| 15:15 | Construir | Archery Range |
| 15:18 | Crear | Villager (Male) |
| 15:23 | Investigar | Double-Bit Axe |
| 15:28 | Construir | Farm |
| 15:45 | Crear | Villager (Male) |
| 15:48 | Construir | Farm |
| 15:57 | Crear | Villager (Male) |
| 16:09 | Construir | Archery Range |
| 16:37 | Construir | Lumber Camp |
| 16:53 | Construir | Farm |
| 16:55 | Construir | Farm |
| 17:25 | Construir | Farm |
| 17:25 | Crear | Villager (Male) |
| 17:39 | Crear | Villager (Male) |
| 17:54 | Construir | Blacksmith |
| 18:15 | Construir | Farm |
| 18:19 | Crear | Villager (Male) |
| 18:40 | Construir | Market |
| 18:44 | Crear | Villager (Male) |
| 18:46 | Construir | Farm |
| 19:10 | Construir | Mining Camp |
| 19:17 | Investigar | Castle Age |
| 19:24 | Crear | Villager (Male) |
| 19:42 | Construir | Stone Wall |
| 19:48 | Construir | Building 490 |
| 19:57 | Construir | Stone Wall |
| 19:59 | Crear | Villager (Male) |
| 20:19 | Crear | Villager (Male) |
| 20:30 | Crear | Trade Cart |
| 20:48 | Crear | Trade Cart |
| 21:28 | Crear | Villager (Male) |
| 21:43 | Edad | Edad de los Castillos |
| 21:50 | Construir | Town Center |
| 22:01 | Construir | Town Center |
| 22:27 | Construir | Farm |
| 22:34 | Crear | Villager (Male) |
| 22:44 | Construir | Mining Camp |
| 22:49 | Crear | Villager (Male) |
| 22:49 | Crear | Villager (Male) |
| 22:50 | Crear | Villager (Male) |
| 22:52 | Crear | Villager (Male) |
| 22:53 | Crear | Villager (Male) |
| 22:53 | Crear | Villager (Male) |
| 22:54 | Crear | Villager (Male) |
| 22:54 | Crear | Villager (Male) |
| 22:55 | Crear | Villager (Male) |
| 22:55 | Crear | Villager (Male) |
| 23:11 | Construir | Farm |
| 23:22 | Construir | Farm |
| 23:28 | Crear | Villager (Male) |
| 23:28 | Crear | Villager (Male) |
| 23:29 | Crear | Villager (Male) |
| 23:29 | Crear | Villager (Male) |
| 23:55 | Crear | Villager (Male) |
| 23:56 | Crear | Villager (Male) |
| 24:07 | Construir | Town Center |
| 24:17 | Crear | Villager (Male) |
| 24:17 | Crear | Villager (Male) |
| 24:31 | Construir | House |
| 24:49 | Construir | House |
| 24:51 | Construir | House |
| 24:52 | Construir | House |
| 24:54 | Construir | House |
| 24:57 | Construir | House |
| 24:58 | Construir | House |
| 24:59 | Construir | House |
| 25:01 | Construir | House |
| 25:02 | Construir | House |
| 25:03 | Construir | House |
| 25:04 | Construir | House |
| 25:15 | Construir | Farm |
| 25:22 | Crear | Villager (Male) |
| 25:22 | Crear | Villager (Male) |
| 25:22 | Crear | Villager (Male) |
| 25:22 | Crear | Villager (Male) |
| 25:30 | Construir | Farm |
| 25:32 | Construir | Farm |
| 25:46 | Construir | Farm |
| 25:57 | Construir | Farm |
| 26:06 | Crear | Villager (Male) |
| 26:06 | Crear | Villager (Male) |
| 26:15 | Construir | Farm |
| 26:48 | Construir | Castle |
| 26:49 | Crear | Villager (Male) |
| 26:49 | Crear | Villager (Male) |
| 26:50 | Crear | Villager (Male) |
| 26:50 | Crear | Villager (Male) |
| 26:53 | Construir | Farm |
| 27:02 | Construir | Farm |
| 27:03 | Crear | Villager (Male) |
| 27:11 | Crear | Trade Cart |
| 27:17 | Construir | Farm |
| 27:23 | Investigar | Town Watch |
| 27:26 | Crear | Villager (Male) |
| 27:33 | Construir | House |
Build order — Drak
Primeras 150 de 442 acciones detectadas
| 0:03 | Construir | House |
| 0:06 | Construir | House |
| 0:11 | Crear | Villager (Male) |
| 0:13 | Investigar | Loom |
| 0:50 | Construir | House |
| 0:50 | Crear | Villager (Male) |
| 0:51 | Crear | Villager (Male) |
| 0:51 | Crear | Villager (Male) |
| 0:51 | Crear | Villager (Male) |
| 0:51 | Crear | Villager (Male) |
| 2:04 | Construir | Palisade Wall |
| 3:30 | Construir | Lumber Camp |
| 3:37 | Crear | Villager (Male) |
| 3:37 | Crear | Villager (Male) |
| 4:10 | Crear | Villager (Male) |
| 4:34 | Construir | Mill |
| 5:08 | Crear | Villager (Male) |
| 5:09 | Crear | Villager (Male) |
| 5:13 | Crear | Villager (Male) |
| 5:46 | Crear | Villager (Male) |
| 6:12 | Crear | Villager (Male) |
| 6:51 | Crear | Villager (Male) |
| 7:12 | Crear | Villager (Male) |
| 7:14 | Crear | Villager (Male) |
| 8:00 | Crear | Villager (Male) |
| 8:37 | Crear | Villager (Male) |
| 8:37 | Crear | Villager (Male) |
| 8:53 | Construir | House |
| 8:54 | Construir | House |
| 8:59 | Construir | House |
| 9:02 | Construir | House |
| 9:22 | Crear | Villager (Male) |
| 10:16 | Investigar | Feudal Age |
| 10:39 | Construir | Lumber Camp |
| 10:58 | Construir | House |
| 11:00 | Construir | House |
| 12:20 | Crear | Villager (Male) |
| 12:20 | Crear | Villager (Male) |
| 12:21 | Crear | Villager (Male) |
| 12:21 | Crear | Villager (Male) |
| 12:27 | Edad | Edad Feudal |
| 12:44 | Construir | Stone Wall |
| 13:15 | Construir | House |
| 13:18 | Construir | House |
| 13:23 | Construir | House |
| 13:24 | Construir | House |
| 13:26 | Construir | House |
| 13:27 | Construir | House |
| 13:36 | Construir | Mining Camp |
| 13:39 | Crear | Villager (Male) |
| 13:51 | Investigar | Horse Collar |
| 13:53 | Investigar | Double-Bit Axe |
| 14:16 | Construir | Stone Wall |
| 14:30 | Construir | Farm |
| 14:30 | Construir | Farm |
| 14:30 | Construir | Farm |
| 14:30 | Construir | Farm |
| 14:31 | Construir | Farm |
| 14:32 | Construir | Farm |
| 14:33 | Construir | Farm |
| 14:36 | Crear | Villager (Male) |
| 14:37 | Crear | Villager (Male) |
| 14:37 | Crear | Villager (Male) |
| 14:37 | Crear | Villager (Male) |
| 15:06 | Crear | Villager (Male) |
| 15:29 | Construir | Farm |
| 15:53 | Construir | Stone Wall |
| 16:24 | Construir | Blacksmith |
| 16:28 | Construir | Farm |
| 16:28 | Construir | Farm |
| 16:31 | Crear | Villager (Male) |
| 16:31 | Crear | Villager (Male) |
| 16:35 | Crear | Villager (Male) |
| 16:35 | Crear | Villager (Male) |
| 16:41 | Investigar | Gold Mining |
| 17:27 | Construir | Market |
| 17:32 | Construir | Farm |
| 17:33 | Construir | Farm |
| 17:35 | Crear | Villager (Male) |
| 17:35 | Crear | Villager (Male) |
| 18:02 | Construir | Mining Camp |
| 18:31 | Construir | Stone Wall |
| 18:54 | Crear | Villager (Male) |
| 18:55 | Crear | Villager (Male) |
| 19:42 | Construir | Farm |
| 19:50 | Crear | Villager (Male) |
| 20:02 | Construir | Mining Camp |
| 20:13 | Construir | Stone Wall |
| 20:32 | Construir | Farm |
| 20:36 | Investigar | Castle Age |
| 20:47 | Investigar | Stone Mining |
| 21:12 | Construir | House |
| 21:14 | Construir | House |
| 21:16 | Construir | House |
| 21:18 | Construir | House |
| 21:20 | Construir | House |
| 21:22 | Construir | House |
| 21:25 | Construir | House |
| 21:27 | Construir | House |
| 21:46 | Construir | Stone Wall |
| 22:45 | Crear | Villager (Male) |
| 22:48 | Investigar | Wheelbarrow |
| 23:16 | Edad | Edad de los Castillos |
| 23:22 | Construir | Town Center |
| 23:30 | Investigar | Bow Saw |
| 23:36 | Investigar | Heavy Plow |
| 23:39 | Crear | Villager (Male) |
| 23:39 | Crear | Villager (Male) |
| 23:39 | Crear | Villager (Male) |
| 23:39 | Crear | Villager (Male) |
| 23:40 | Crear | Villager (Male) |
| 24:39 | Crear | Villager (Male) |
| 24:40 | Crear | Villager (Male) |
| 24:40 | Crear | Villager (Male) |
| 24:41 | Crear | Villager (Male) |
| 24:41 | Crear | Villager (Male) |
| 24:42 | Crear | Villager (Male) |
| 24:42 | Crear | Villager (Male) |
| 24:43 | Crear | Villager (Male) |
| 24:48 | Crear | Villager (Male) |
| 25:23 | Construir | Town Center |
| 25:30 | Crear | Villager (Male) |
| 25:31 | Crear | Villager (Male) |
| 25:48 | Investigar | Gold Shaft Mining |
| 26:04 | Crear | Villager (Male) |
| 26:05 | Crear | Villager (Male) |
| 26:30 | Crear | Villager (Male) |
| 26:31 | Crear | Villager (Male) |
| 26:36 | Crear | Villager (Male) |
| 26:39 | Crear | Villager (Male) |
| 27:10 | Crear | Villager (Male) |
| 27:11 | Crear | Villager (Male) |
| 27:11 | Crear | Villager (Male) |
| 27:11 | Crear | Villager (Male) |
| 27:49 | Crear | Villager (Male) |
| 27:51 | Crear | Villager (Male) |
| 28:01 | Construir | Farm |
| 28:12 | Crear | Villager (Male) |
| 28:44 | Construir | Town Center |
| 29:16 | Crear | Villager (Male) |
| 29:17 | Crear | Villager (Male) |
| 29:18 | Crear | Villager (Male) |
| 29:18 | Crear | Villager (Male) |
| 29:24 | Crear | Villager (Male) |
| 29:27 | Crear | Villager (Male) |
| 29:27 | Crear | Villager (Male) |
| 29:28 | Crear | Villager (Male) |
| 29:28 | Crear | Villager (Male) |
| 29:28 | Crear | Villager (Male) |
| 29:29 | Crear | Villager (Male) |
Build order — Voodooo
Primeras 150 de 903 acciones detectadas
| 0:07 | Construir | House |
| 0:09 | Construir | House |
| 0:14 | Crear | Villager (Male) |
| 0:14 | Crear | Villager (Male) |
| 0:14 | Crear | Villager (Male) |
| 0:15 | Crear | Villager (Male) |
| 0:34 | Investigar | Loom |
| 0:34 | Crear | Villager (Male) |
| 0:34 | Crear | Villager (Male) |
| 0:35 | Crear | Villager (Male) |
| 1:49 | Construir | Palisade Wall |
| 2:18 | Crear | Villager (Male) |
| 3:35 | Construir | Settlement |
| 3:42 | Crear | Villager (Male) |
| 3:42 | Crear | Villager (Male) |
| 3:42 | Crear | Villager (Male) |
| 4:08 | Crear | Villager (Male) |
| 4:35 | Construir | House |
| 4:45 | Crear | Villager (Male) |
| 5:23 | Construir | House |
| 5:29 | Construir | House |
| 5:39 | Crear | Villager (Male) |
| 5:50 | Crear | Villager (Male) |
| 6:47 | Crear | Villager (Male) |
| 6:47 | Crear | Villager (Male) |
| 6:47 | Crear | Villager (Male) |
| 6:47 | Crear | Villager (Male) |
| 7:21 | Construir | Settlement |
| 7:28 | Crear | Villager (Male) |
| 7:50 | Crear | Villager (Male) |
| 7:50 | Crear | Villager (Male) |
| 8:59 | Crear | Villager (Male) |
| 8:59 | Crear | Villager (Male) |
| 8:59 | Crear | Villager (Male) |
| 8:59 | Crear | Villager (Male) |
| 10:36 | Crear | Villager (Male) |
| 10:36 | Crear | Villager (Male) |
| 11:00 | Construir | Settlement |
| 11:15 | Crear | Villager (Male) |
| 11:16 | Crear | Villager (Male) |
| 12:08 | Investigar | Feudal Age |
| 13:05 | Crear | Villager (Male) |
| 13:05 | Crear | Villager (Male) |
| 13:05 | Crear | Villager (Male) |
| 13:05 | Crear | Villager (Male) |
| 13:06 | Crear | Villager (Male) |
| 14:34 | Construir | Farm |
| 14:35 | Construir | Farm |
| 14:36 | Construir | Farm |
| 14:38 | Construir | Farm |
| 14:39 | Construir | Farm |
| 14:40 | Construir | Farm |
| 14:47 | Edad | Edad Feudal |
| 15:01 | Construir | Farm |
| 15:10 | Construir | Farm |
| 15:11 | Construir | Farm |
| 15:13 | Construir | Farm |
| 15:14 | Construir | Farm |
| 15:15 | Construir | Farm |
| 15:16 | Construir | Farm |
| 15:21 | Construir | Settlement |
| 16:28 | Construir | Market |
| 16:34 | Construir | Blacksmith |
| 16:48 | Investigar | Double-Bit Axe |
| 16:48 | Investigar | Horse Collar |
| 16:49 | Investigar | Gold Mining |
| 16:58 | Crear | Villager (Male) |
| 16:59 | Crear | Villager (Male) |
| 16:59 | Crear | Villager (Male) |
| 17:15 | Crear | Villager (Male) |
| 18:44 | Crear | Villager (Male) |
| 18:44 | Crear | Villager (Male) |
| 19:06 | Crear | Trade Cart |
| 19:06 | Crear | Trade Cart |
| 19:07 | Crear | Trade Cart |
| 19:49 | Investigar | Castle Age |
| 19:55 | Construir | House |
| 20:02 | Construir | House |
| 20:03 | Construir | House |
| 20:05 | Construir | House |
| 20:06 | Construir | House |
| 20:50 | Construir | Stone Wall |
| 20:55 | Construir | Building 487 |
| 21:03 | Investigar | Stone Mining |
| 22:29 | Edad | Edad de los Castillos |
| 22:37 | Construir | Castle |
| 22:55 | Construir | House |
| 22:56 | Construir | House |
| 22:59 | Construir | House |
| 23:01 | Crear | Trade Cart |
| 23:02 | Crear | Trade Cart |
| 23:02 | Crear | Trade Cart |
| 23:02 | Crear | Trade Cart |
| 23:02 | Investigar | Caravan |
| 23:15 | Crear | Villager (Male) |
| 23:15 | Crear | Villager (Male) |
| 23:16 | Crear | Villager (Male) |
| 23:16 | Crear | Villager (Male) |
| 23:16 | Crear | Villager (Male) |
| 23:17 | Crear | Villager (Male) |
| 23:17 | Crear | Villager (Male) |
| 23:25 | Investigar | Bow Saw |
| 23:45 | Construir | Stone Wall |
| 23:50 | Construir | Building 490 |
| 24:04 | Construir | Farm |
| 24:09 | Construir | Farm |
| 24:13 | Crear | Villager (Male) |
| 24:14 | Crear | Villager (Male) |
| 24:20 | Investigar | Gold Shaft Mining |
| 24:20 | Investigar | Heavy Plow |
| 24:21 | Investigar | Stone Shaft Mining |
| 24:38 | Construir | Farm |
| 24:59 | Construir | Barracks |
| 25:17 | Crear | Villager (Male) |
| 25:17 | Crear | Villager (Male) |
| 26:05 | Construir | Barracks |
| 26:09 | Crear | Trade Cart |
| 27:02 | Construir | Settlement |
| 27:10 | Construir | Farm |
| 27:29 | Crear | Villager (Male) |
| 27:29 | Crear | Villager (Male) |
| 27:51 | Construir | Barracks |
| 27:58 | Construir | Castle |
| 28:07 | Construir | Farm |
| 28:19 | Construir | Farm |
| 28:22 | Construir | Farm |
| 28:25 | Crear | Villager (Male) |
| 28:26 | Crear | Villager (Male) |
| 28:27 | Crear | Villager (Male) |
| 28:28 | Crear | Villager (Male) |
| 28:32 | Crear | Trade Cart |
| 28:32 | Crear | Trade Cart |
| 28:33 | Crear | Trade Cart |
| 28:34 | Crear | Trade Cart |
| 29:05 | Construir | Farm |
| 29:10 | Construir | Farm |
| 29:18 | Investigar | Imperial Age |
| 30:06 | Construir | Farm |
| 30:10 | Construir | Farm |
| 30:16 | Crear | Villager (Male) |
| 30:16 | Crear | Villager (Male) |
| 30:16 | Crear | Villager (Male) |
| 30:29 | Construir | Town Center |
| 31:06 | Construir | Castle |
| 31:24 | Crear | Trade Cart |
| 31:24 | Crear | Trade Cart |
| 31:25 | Crear | Trade Cart |
| 31:58 | Construir | Settlement |
| 32:30 | Construir | Barracks |
| 32:49 | Investigar | Pikeman (upgrade) |
Build order — Balin
Primeras 150 de 422 acciones detectadas
| 0:07 | Construir | House |
| 0:08 | Construir | House |
| 0:32 | Construir | Palisade Wall |
| 0:56 | Crear | Villager (Male) ×4 |
| 1:08 | Investigar | Loom |
| 1:10 | Crear | Villager (Male) ×4 |
| 2:23 | Construir | Palisade Wall |
| 2:35 | Construir | Outpost |
| 2:42 | Construir | Outpost |
| 3:18 | Crear | Villager (Male) |
| 3:35 | Crear | Villager (Male) |
| 3:55 | Construir | House |
| 4:50 | Crear | Villager (Male) ×3 |
| 5:56 | Crear | Villager (Male) ×3 |
| 6:40 | Crear | Villager (Male) ×2 |
| 7:02 | Crear | Villager (Male) ×2 |
| 8:22 | Crear | Villager (Male) ×5 |
| 8:44 | Crear | Villager (Male) |
| 8:58 | Construir | House |
| 9:40 | Construir | House |
| 9:56 | Investigar | Feudal Age |
| 10:55 | Construir | Lumber Camp |
| 11:18 | Construir | Mill |
| 11:33 | Construir | Lumber Camp |
| 12:22 | Construir | Mining Camp |
| 13:06 | Construir | House |
| 13:07 | Construir | House |
| 13:08 | Construir | House |
| 13:10 | Construir | House |
| 13:12 | Construir | House |
| 13:13 | Construir | House |
| 13:17 | Construir | House |
| 13:19 | Construir | House |
| 13:21 | Construir | House |
| 13:21 | Construir | House |
| 13:24 | Construir | House |
| 13:25 | Construir | House |
| 14:03 | Edad | Edad Feudal |
| 14:08 | Investigar | Town Watch |
| 14:10 | Crear | Villager (Male) ×3 |
| 14:49 | Construir | Stone Wall |
| 14:52 | Construir | Stone Wall |
| 14:55 | Construir | Stone Wall |
| 15:59 | Investigar | Double-Bit Axe |
| 16:31 | Construir | Stone Wall |
| 16:51 | Crear | Villager (Male) |
| 16:52 | Crear | Villager (Male) |
| 16:58 | Construir | Farm |
| 17:02 | Construir | Farm |
| 17:07 | Construir | Farm |
| 17:09 | Construir | Farm |
| 17:13 | Construir | Farm |
| 17:22 | Construir | Farm |
| 17:45 | Crear | Villager (Male) ×2 |
| 18:01 | Construir | Market |
| 18:08 | Construir | Market |
| 18:17 | Construir | Farm |
| 19:19 | Investigar | Gold Mining |
| 19:19 | Investigar | Stone Mining |
| 19:29 | Investigar | Wheelbarrow |
| 19:30 | Crear | Villager (Male) ×4 |
| 19:41 | Construir | Farm |
| 19:42 | Construir | Farm |
| 19:48 | Construir | Farm |
| 19:49 | Construir | Farm |
| 20:10 | Construir | Farm |
| 21:04 | Investigar | Castle Age |
| 21:11 | Construir | Farm |
| 21:14 | Construir | Farm |
| 22:19 | Construir | Mill |
| 22:26 | Construir | Mining Camp |
| 22:32 | Investigar | Stone Mining |
| 22:32 | Investigar | Gold Mining |
| 22:48 | Construir | Blacksmith |
| 22:55 | Construir | House |
| 22:57 | Construir | House |
| 22:58 | Construir | House |
| 24:21 | Construir | Outpost |
| 25:04 | Edad | Edad de los Castillos |
| 25:06 | Investigar | Town Patrol |
| 25:07 | Investigar | Hand Cart |
| 25:35 | Construir | Monastery |
| 25:44 | Construir | Monastery |
| 25:50 | Investigar | Bow Saw |
| 26:13 | Construir | Town Center |
| 26:19 | Crear | Villager (Male) ×5 |
| 26:35 | Investigar | Horse Collar |
| 26:56 | Construir | Castle |
| 27:24 | Construir | Town Center |
| 27:55 | Construir | Farm |
| 28:11 | Crear | Monk |
| 28:28 | Crear | Villager (Male) ×5 |
| 28:29 | Crear | Villager (Male) ×5 |
| 28:29 | Crear | Villager (Male) ×5 |
| 28:33 | Construir | Farm |
| 29:55 | Crear | Villager (Male) ×5 |
| 29:55 | Crear | Villager (Male) ×4 |
| 29:55 | Crear | Villager (Male) ×4 |
| 30:18 | Construir | Stone Wall |
| 30:33 | Investigar | Stone Shaft Mining |
| 30:49 | Construir | House |
| 30:49 | Construir | House |
| 30:50 | Construir | House |
| 30:52 | Construir | House |
| 30:52 | Construir | House |
| 30:53 | Construir | House |
| 30:55 | Construir | House |
| 30:56 | Construir | House |
| 30:58 | Construir | House |
| 30:59 | Construir | House |
| 31:03 | Investigar | Heavy Plow |
| 31:14 | Crear | Villager (Male) ×3 |
| 31:24 | Construir | Farm |
| 31:28 | Construir | Farm |
| 31:42 | Construir | Farm |
| 31:50 | Crear | Villager (Male) ×4 |
| 32:29 | Investigar | Gold Shaft Mining |
| 32:43 | Crear | Villager (Male) ×3 |
| 32:43 | Crear | Villager (Male) ×3 |
| 32:56 | Construir | Stone Wall |
| 33:04 | Construir | Siege Workshop |
| 33:16 | Construir | Siege Workshop |
| 33:18 | Construir | Siege Workshop |
| 33:20 | Construir | Siege Workshop |
| 33:36 | Crear | Villager (Male) ×5 |
| 33:36 | Crear | Villager (Male) ×2 |
| 33:59 | Construir | Stone Wall |
| 34:04 | Construir | Building 490 |
| 34:16 | Crear | Villager (Male) ×5 |
| 34:16 | Crear | Villager (Male) |
| 34:28 | Construir | House |
| 34:29 | Construir | House |
| 34:31 | Construir | House |
| 34:32 | Construir | House |
| 34:34 | Construir | House |
| 34:35 | Construir | House |
| 34:36 | Construir | House |
| 34:37 | Construir | House |
| 34:47 | Construir | House |
| 34:48 | Construir | House |
| 34:50 | Construir | House |
| 34:51 | Construir | House |
| 34:52 | Construir | House |
| 34:53 | Construir | House |
| 34:57 | Construir | House |
| 34:58 | Construir | House |
| 34:59 | Construir | House |
| 35:01 | Construir | House |
| 35:07 | Crear | Villager (Male) ×5 |
| 35:07 | Crear | Villager (Male) ×5 |
Build order — xxkilla81
Primeras 150 de 552 acciones detectadas
| 0:02 | Investigar | Loom |
| 0:03 | Crear | Villager (Male) |
| 0:03 | Crear | Villager (Male) |
| 0:03 | Crear | Villager (Male) |
| 0:04 | Crear | Villager (Male) |
| 0:11 | Construir | House |
| 0:15 | Construir | House |
| 0:49 | Construir | House |
| 0:50 | Construir | House |
| 2:07 | Construir | Palisade Wall |
| 2:17 | Crear | Villager (Male) |
| 2:39 | Crear | Villager (Male) |
| 3:18 | Crear | Villager (Male) |
| 3:55 | Crear | Villager (Male) |
| 4:14 | Crear | Villager (Male) |
| 4:18 | Crear | Villager (Male) |
| 4:38 | Crear | Villager (Male) |
| 4:51 | Construir | Mill |
| 5:19 | Crear | Villager (Male) |
| 5:39 | Crear | Villager (Male) |
| 6:04 | Crear | Villager (Male) |
| 6:31 | Crear | Villager (Male) |
| 6:39 | Construir | Lumber Camp |
| 6:48 | Crear | Villager (Male) |
| 7:01 | Crear | Villager (Male) |
| 7:19 | Crear | Villager (Male) |
| 7:52 | Crear | Villager (Male) |
| 8:11 | Construir | Farm |
| 8:27 | Crear | Villager (Male) |
| 8:35 | Construir | Farm |
| 8:51 | Crear | Villager (Male) |
| 9:01 | Construir | Farm |
| 9:07 | Crear | Villager (Male) |
| 9:35 | Construir | Farm |
| 9:40 | Crear | Villager (Male) |
| 9:50 | Construir | Farm |
| 10:03 | Construir | House |
| 10:31 | Construir | House |
| 10:33 | Construir | House |
| 10:45 | Construir | Mining Camp |
| 10:58 | Construir | Mining Camp |
| 11:03 | Investigar | Feudal Age |
| 12:07 | Construir | Barracks |
| 12:44 | Construir | Farm |
| 12:51 | Construir | Farm |
| 13:12 | Crear | Villager (Male) |
| 13:12 | Crear | Villager (Male) |
| 13:13 | Crear | Villager (Male) |
| 13:14 | Crear | Villager (Male) ×6 |
| 13:14 | Crear | Villager (Male) |
| 13:27 | Investigar | Horse Collar |
| 13:35 | Construir | Farm |
| 13:52 | Construir | Blacksmith |
| 14:03 | Construir | Market |
| 14:15 | Investigar | Double-Bit Axe |
| 14:25 | Investigar | Arson |
| 14:36 | Construir | Farm |
| 14:39 | Crear | Villager (Male) |
| 15:16 | Construir | Stone Wall |
| 15:31 | Construir | Farm |
| 15:36 | Construir | Farm |
| 15:51 | Construir | Farm |
| 15:58 | Construir | House |
| 16:00 | Construir | House |
| 16:02 | Construir | House |
| 16:04 | Construir | House |
| 16:06 | Construir | House |
| 16:17 | Construir | Farm |
| 16:40 | Construir | Mining Camp |
| 16:56 | Crear | Villager (Male) |
| 17:07 | Construir | Farm |
| 17:14 | Construir | Farm |
| 17:19 | Crear | Villager (Male) |
| 17:29 | Construir | Barracks |
| 17:44 | Construir | Archery Range |
| 17:50 | Construir | Archery Range |
| 18:11 | Crear | Villager (Male) |
| 18:37 | Construir | Farm |
| 18:45 | Investigar | Castle Age |
| 18:57 | Construir | Farm |
| 19:17 | Construir | Stable |
| 19:19 | Construir | Stable |
| 19:23 | Construir | Stable |
| 19:26 | Construir | Stable |
| 19:26 | Construir | Stable |
| 19:27 | Construir | Stable |
| 19:27 | Construir | Stable |
| 19:27 | Construir | Stable |
| 19:28 | Construir | Stable |
| 19:28 | Construir | Stable |
| 19:28 | Construir | Stable |
| 19:29 | Construir | Stable |
| 19:29 | Construir | Stable |
| 19:29 | Construir | Stable |
| 19:30 | Construir | Stable |
| 19:30 | Construir | Stable |
| 19:30 | Construir | Stable |
| 19:31 | Construir | Stable |
| 19:31 | Construir | Stable |
| 19:31 | Construir | Stable |
| 19:32 | Construir | Stable |
| 19:32 | Construir | Stable |
| 19:32 | Construir | Stable |
| 19:33 | Construir | Stable |
| 19:33 | Construir | Stable |
| 19:33 | Construir | Stable |
| 19:34 | Construir | Stable |
| 19:34 | Construir | Stable |
| 19:34 | Construir | Stable |
| 19:35 | Construir | Stable |
| 19:35 | Construir | Stable |
| 19:35 | Construir | Stable |
| 19:36 | Construir | Stable |
| 19:36 | Construir | Stable |
| 19:36 | Construir | Stable |
| 19:37 | Construir | Stable |
| 19:37 | Construir | Stable |
| 19:37 | Construir | Stable |
| 19:38 | Construir | Stable |
| 19:38 | Construir | Stable |
| 19:38 | Construir | Stable |
| 19:39 | Construir | Stable |
| 19:39 | Construir | Stable |
| 19:40 | Construir | Stable |
| 19:56 | Crear | Villager (Male) |
| 19:57 | Crear | Villager (Male) |
| 20:00 | Crear | Villager (Male) |
| 20:08 | Investigar | Man-at-Arms (upgrade) |
| 20:13 | Investigar | Forging |
| 21:01 | Construir | House |
| 21:02 | Construir | House |
| 21:08 | Construir | House |
| 21:10 | Construir | House |
| 21:13 | Construir | House |
| 21:15 | Construir | House |
| 21:20 | Construir | House |
| 21:25 | Construir | House |
| 21:26 | Construir | House |
| 21:44 | Construir | Town Center |
| 22:34 | Construir | Town Center |
| 22:49 | Crear | Villager (Male) |
| 22:49 | Crear | Villager (Male) |
| 22:49 | Crear | Villager (Male) |
| 22:50 | Crear | Villager (Male) |
| 22:58 | Crear | Villager (Male) |
| 23:10 | Investigar | Squires |
| 23:11 | Investigar | Gambesons |
| 23:14 | Investigar | Long Swordsman (upgrade) |
| 23:32 | Investigar | Gold Mining |
| 23:39 | Investigar | Wheelbarrow |
Build order — ErmeteTris
Primeras 150 de 471 acciones detectadas
| 0:06 | Construir | House |
| 0:08 | Construir | House |
| 0:11 | Investigar | Loom |
| 0:13 | Crear | Villager (Male) ×4 |
| 3:02 | Construir | Palisade Wall |
| 3:09 | Crear | Villager (Male) ×2 |
| 3:44 | Crear | Villager (Male) |
| 4:02 | Construir | Lumber Camp |
| 4:50 | Crear | Villager (Male) |
| 5:34 | Crear | Villager (Male) ×2 |
| 5:41 | Construir | House |
| 6:09 | Construir | Mill |
| 6:30 | Construir | Outpost |
| 6:49 | Crear | Villager (Male) |
| 7:54 | Crear | Villager (Male) ×4 |
| 9:48 | Crear | Villager (Male) |
| 9:48 | Crear | Villager (Male) |
| 10:59 | Investigar | Feudal Age |
| 11:36 | Construir | Lumber Camp |
| 12:26 | Construir | Mining Camp |
| 13:09 | Edad | Edad Feudal |
| 13:14 | Crear | Villager (Male) |
| 13:14 | Crear | Villager (Male) |
| 13:14 | Crear | Villager (Male) |
| 13:20 | Investigar | Wheelbarrow |
| 13:22 | Crear | Villager (Male) |
| 13:22 | Crear | Villager (Male) |
| 13:23 | Crear | Villager (Male) |
| 13:36 | Construir | House |
| 13:43 | Construir | Market |
| 14:49 | Construir | Stone Wall |
| 14:57 | Construir | Building 487 |
| 15:03 | Investigar | Double-Bit Axe |
| 15:17 | Construir | Blacksmith |
| 15:57 | Construir | Farm |
| 15:58 | Construir | Farm |
| 16:07 | Crear | Villager (Male) |
| 16:07 | Crear | Villager (Male) |
| 16:07 | Crear | Villager (Male) |
| 16:15 | Construir | House |
| 16:17 | Construir | House |
| 16:21 | Construir | House |
| 16:49 | Crear | Villager (Male) |
| 16:49 | Crear | Villager (Male) |
| 16:49 | Crear | Villager (Male) |
| 17:10 | Construir | Farm |
| 17:11 | Construir | Farm |
| 17:11 | Construir | Farm |
| 17:12 | Construir | Farm |
| 17:33 | Construir | Farm |
| 17:34 | Construir | Farm |
| 17:34 | Construir | Farm |
| 17:34 | Construir | Farm |
| 17:44 | Construir | Farm |
| 17:44 | Construir | Farm |
| 17:45 | Construir | Farm |
| 17:45 | Construir | Farm |
| 17:45 | Construir | Farm |
| 17:56 | Construir | House |
| 18:02 | Construir | Farm |
| 18:03 | Construir | Farm |
| 18:03 | Construir | Farm |
| 18:11 | Construir | Farm |
| 18:12 | Construir | Farm |
| 18:12 | Construir | Farm |
| 18:12 | Construir | Farm |
| 18:13 | Construir | Farm |
| 18:13 | Construir | Farm |
| 18:13 | Construir | Farm |
| 18:14 | Construir | Farm |
| 18:14 | Construir | Farm |
| 18:14 | Construir | Farm |
| 18:15 | Construir | Farm |
| 18:15 | Construir | Farm |
| 18:15 | Construir | Farm |
| 18:16 | Construir | Farm |
| 18:41 | Construir | House |
| 18:49 | Crear | Villager (Male) |
| 19:04 | Construir | Farm |
| 19:05 | Construir | Farm |
| 19:23 | Investigar | Castle Age |
| 19:43 | Construir | Market |
| 20:01 | Construir | Mining Camp |
| 20:25 | Investigar | Stone Mining |
| 20:48 | Investigar | Horse Collar |
| 22:03 | Edad | Edad de los Castillos |
| 22:07 | Construir | Town Center |
| 22:20 | Construir | Town Center |
| 22:28 | Crear | Villager (Male) |
| 22:28 | Crear | Villager (Male) |
| 22:28 | Crear | Villager (Male) |
| 22:34 | Investigar | Stone Shaft Mining |
| 22:37 | Crear | Villager (Male) ×4 |
| 23:01 | Construir | House |
| 23:13 | Crear | Villager (Male) |
| 23:14 | Crear | Villager (Male) |
| 23:25 | Crear | Villager (Male) ×3 |
| 23:25 | Crear | Villager (Male) ×3 |
| 23:54 | Crear | Villager (Male) |
| 23:54 | Crear | Villager (Male) |
| 24:20 | Construir | Town Center |
| 24:27 | Crear | Villager (Male) ×2 |
| 24:54 | Crear | Villager (Male) ×2 |
| 25:08 | Construir | Farm |
| 25:12 | Crear | Villager (Male) |
| 25:33 | Crear | Villager (Male) |
| 26:01 | Construir | Farm |
| 26:08 | Crear | Villager (Male) ×2 |
| 26:25 | Crear | Villager (Male) |
| 26:58 | Construir | Castle |
| 27:04 | Crear | Villager (Male) ×2 |
| 27:13 | Crear | Villager (Male) ×5 |
| 27:19 | Construir | Farm |
| 27:20 | Construir | Farm |
| 27:20 | Construir | Farm |
| 27:20 | Construir | Farm |
| 27:20 | Construir | Farm |
| 27:42 | Investigar | Heavy Plow |
| 28:09 | Crear | Villager (Male) ×3 |
| 28:09 | Crear | Villager (Male) ×3 |
| 28:27 | Construir | Town Center |
| 28:36 | Construir | Farm |
| 28:45 | Construir | Monastery |
| 28:59 | Construir | Monastery |
| 29:07 | Investigar | Hand Cart |
| 29:08 | Crear | Villager (Male) ×4 |
| 29:28 | Construir | Stone Wall |
| 29:34 | Construir | Building 487 |
| 29:38 | Crear | Villager (Male) ×2 |
| 30:15 | Crear | Villager (Male) ×2 |
| 30:19 | Construir | Farm |
| 30:21 | Construir | Farm |
| 30:22 | Construir | Farm |
| 30:30 | Crear | Villager (Male) ×2 |
| 30:30 | Crear | Villager (Male) ×2 |
| 30:38 | Crear | Monk |
| 31:17 | Construir | University |
| 31:21 | Crear | Villager (Male) ×4 |
| 31:42 | Construir | Stone Wall |
| 31:48 | Construir | Building 490 |
| 32:04 | Construir | Lumber Camp |
| 32:36 | Construir | Siege Workshop |
| 32:47 | Construir | Barracks |
| 32:55 | Crear | Villager (Male) ×5 |
| 32:59 | Investigar | Treadmill Crane |
| 33:03 | Investigar | Fortified Wall (upgrade) |
| 33:15 | Construir | Mining Camp |
| 33:19 | Investigar | Caravan |
| 33:20 | Crear | Trade Cart ×5 |
| 33:32 | Crear | Villager (Male) ×5 |
Build order — UciKopti
Primeras 150 de 844 acciones detectadas
| 0:02 | Investigar | Loom |
| 0:03 | Crear | Villager (Male) |
| 0:03 | Crear | Villager (Male) |
| 0:03 | Crear | Villager (Male) |
| 0:03 | Crear | Villager (Male) |
| 0:03 | Crear | Villager (Male) |
| 0:06 | Construir | House |
| 0:42 | Construir | House |
| 0:44 | Construir | House |
| 0:46 | Construir | House |
| 1:27 | Construir | House |
| 1:28 | Construir | House |
| 1:38 | Crear | Villager (Male) |
| 2:16 | Crear | Villager (Male) |
| 2:48 | Crear | Villager (Male) |
| 2:48 | Crear | Villager (Male) |
| 2:59 | Construir | Palisade Wall |
| 3:05 | Construir | Building 796 |
| 3:20 | Crear | Villager (Male) |
| 3:20 | Crear | Villager (Male) |
| 3:20 | Crear | Villager (Male) |
| 3:54 | Crear | Villager (Male) |
| 4:27 | Construir | Lumber Camp |
| 4:30 | Crear | Villager (Male) |
| 4:54 | Crear | Villager (Male) |
| 4:55 | Crear | Villager (Male) |
| 5:25 | Crear | Villager (Male) |
| 5:38 | Construir | Mill |
| 5:56 | Crear | Villager (Male) |
| 6:01 | Crear | Villager (Male) |
| 6:25 | Crear | Villager (Male) |
| 7:01 | Crear | Villager (Male) |
| 7:01 | Crear | Villager (Male) |
| 7:51 | Crear | Villager (Male) |
| 7:51 | Crear | Villager (Male) |
| 7:51 | Crear | Villager (Male) |
| 8:57 | Construir | Lumber Camp |
| 9:35 | Construir | House |
| 9:37 | Construir | House |
| 9:51 | Investigar | Feudal Age |
| 10:51 | Construir | Mining Camp |
| 11:02 | Construir | House |
| 11:03 | Construir | House |
| 11:06 | Construir | House |
| 11:11 | Crear | Villager (Male) |
| 11:12 | Crear | Villager (Male) |
| 12:09 | Construir | Farm |
| 12:14 | Construir | Farm |
| 12:29 | Construir | Barracks |
| 12:37 | Construir | House |
| 12:38 | Construir | House |
| 12:39 | Construir | House |
| 12:41 | Construir | House |
| 12:42 | Construir | House |
| 12:49 | Crear | Villager (Male) |
| 12:49 | Crear | Villager (Male) |
| 13:01 | Investigar | Double-Bit Axe |
| 13:26 | Construir | Farm |
| 13:35 | Construir | Market |
| 13:46 | Construir | Farm |
| 13:52 | Construir | Farm |
| 14:08 | Crear | Villager (Male) |
| 14:09 | Crear | Villager (Male) |
| 14:17 | Construir | Farm |
| 14:41 | Construir | Farm |
| 14:54 | Construir | Blacksmith |
| 15:00 | Crear | Villager (Male) |
| 15:00 | Crear | Villager (Male) |
| 15:09 | Construir | Farm |
| 15:33 | Construir | Farm |
| 15:50 | Crear | Villager (Male) |
| 15:56 | Construir | Farm |
| 16:22 | Construir | Farm |
| 16:50 | Investigar | Castle Age |
| 17:31 | Construir | Archery Range |
| 18:00 | Construir | Mining Camp |
| 18:03 | Investigar | Stone Mining |
| 18:12 | Crear | Villager (Male) |
| 18:12 | Crear | Villager (Male) |
| 19:09 | Construir | Stone Wall |
| 19:21 | Construir | Building 665 |
| 19:31 | Investigar | Bow Saw |
| 19:38 | Construir | Town Center |
| 20:02 | Construir | Town Center |
| 20:13 | Investigar | Gold Mining |
| 20:17 | Crear | Villager (Male) |
| 20:18 | Crear | Villager (Male) |
| 20:18 | Crear | Villager (Male) |
| 20:26 | Construir | Farm |
| 20:29 | Investigar | Arson |
| 20:49 | Construir | Farm |
| 21:26 | Construir | Farm |
| 21:31 | Construir | Mill |
| 21:34 | Crear | Villager (Male) |
| 21:34 | Crear | Villager (Male) |
| 21:39 | Construir | Farm |
| 21:45 | Investigar | Wheelbarrow |
| 21:54 | Crear | Villager (Male) |
| 21:54 | Crear | Villager (Male) |
| 22:06 | Construir | Farm |
| 22:25 | Crear | Villager (Male) |
| 22:26 | Crear | Villager (Male) |
| 22:26 | Crear | Villager (Male) |
| 22:40 | Construir | Stable |
| 22:47 | Crear | Villager (Male) |
| 22:48 | Crear | Villager (Male) |
| 22:48 | Crear | Villager (Male) |
| 23:11 | Construir | Town Center |
| 23:19 | Crear | Villager (Male) |
| 23:19 | Crear | Villager (Male) |
| 23:19 | Crear | Villager (Male) |
| 23:38 | Crear | Villager (Male) |
| 23:39 | Crear | Villager (Male) |
| 24:17 | Construir | Castle |
| 24:23 | Construir | Farm |
| 24:30 | Crear | Villager (Male) |
| 24:30 | Crear | Villager (Male) |
| 24:31 | Crear | Villager (Male) |
| 24:31 | Crear | Villager (Male) |
| 24:31 | Crear | Villager (Male) |
| 24:42 | Crear | Villager (Male) |
| 24:42 | Crear | Villager (Male) |
| 24:42 | Crear | Villager (Male) |
| 24:56 | Construir | University |
| 25:09 | Construir | Market |
| 25:14 | Construir | Farm |
| 25:20 | Construir | House |
| 25:22 | Construir | House |
| 25:23 | Construir | House |
| 25:27 | Construir | Farm |
| 25:32 | Construir | Farm |
| 25:34 | Construir | Farm |
| 25:48 | Investigar | Hand Cart |
| 25:50 | Crear | Villager (Male) |
| 25:51 | Crear | Villager (Male) |
| 25:51 | Crear | Villager (Male) |
| 26:03 | Construir | House |
| 26:04 | Construir | House |
| 26:06 | Construir | House |
| 26:07 | Construir | House |
| 26:10 | Crear | Villager (Male) |
| 26:11 | Crear | Villager (Male) |
| 26:15 | Crear | Villager (Male) |
| 26:15 | Crear | Villager (Male) |
| 26:23 | Construir | Farm |
| 26:32 | Construir | Farm |
| 26:49 | Crear | Villager (Male) |
| 26:49 | Crear | Villager (Male) |
| 26:50 | Crear | Villager (Male) |
| 26:53 | Crear | Villager (Male) |
Build order — cosaosa
Primeras 150 de 881 acciones detectadas
| 0:03 | Investigar | Loom |
| 0:04 | Crear | Villager (Male) ×5 |
| 0:04 | Crear | Villager (Male) ×5 |
| 0:12 | Construir | House |
| 0:13 | Construir | House |
| 0:15 | Construir | House |
| 1:04 | Construir | Palisade Wall |
| 2:01 | Crear | Villager (Male) |
| 2:42 | Crear | Villager (Male) |
| 3:02 | Crear | Villager (Male) |
| 3:24 | Crear | Villager (Male) |
| 3:44 | Crear | Villager (Male) |
| 4:08 | Crear | Villager (Male) |
| 4:24 | Crear | Villager (Male) |
| 4:32 | Construir | Mill |
| 5:00 | Construir | Lumber Camp |
| 5:07 | Construir | House |
| 5:11 | Crear | Villager (Male) |
| 5:11 | Crear | Villager (Male) |
| 5:34 | Crear | Villager (Male) |
| 5:46 | Crear | Villager (Male) |
| 6:15 | Crear | Villager (Male) |
| 6:38 | Crear | Villager (Male) |
| 7:34 | Crear | Villager (Male) |
| 7:45 | Construir | House |
| 7:56 | Crear | Villager (Male) |
| 7:56 | Crear | Villager (Male) |
| 8:17 | Investigar | Feudal Age |
| 8:48 | Crear | Villager (Male) |
| 8:48 | Crear | Villager (Male) |
| 9:27 | Construir | House |
| 9:32 | Construir | House |
| 9:33 | Construir | House |
| 9:35 | Construir | House |
| 9:37 | Construir | House |
| 9:48 | Construir | House |
| 9:50 | Construir | House |
| 9:56 | Construir | Mining Camp |
| 10:15 | Crear | Villager (Male) |
| 10:15 | Crear | Villager (Male) |
| 10:27 | Edad | Edad Feudal |
| 10:32 | Investigar | Horse Collar |
| 10:36 | Investigar | Double-Bit Axe |
| 11:02 | Crear | Villager (Male) |
| 11:02 | Crear | Villager (Male) |
| 11:43 | Construir | House |
| 11:57 | Crear | Villager (Male) |
| 11:57 | Crear | Villager (Male) |
| 12:13 | Construir | House |
| 12:15 | Construir | House |
| 12:25 | Crear | Villager (Male) |
| 12:26 | Crear | Villager (Male) |
| 12:42 | Construir | Mining Camp |
| 13:06 | Construir | Farm |
| 13:07 | Construir | Farm |
| 13:10 | Construir | Farm |
| 13:11 | Construir | Farm |
| 13:21 | Construir | Farm |
| 13:22 | Construir | Farm |
| 13:25 | Construir | Farm |
| 13:27 | Construir | Farm |
| 13:33 | Crear | Villager (Male) |
| 13:33 | Crear | Villager (Male) |
| 13:33 | Crear | Villager (Male) |
| 13:33 | Crear | Villager (Male) |
| 13:56 | Construir | Market |
| 14:05 | Crear | Villager (Male) |
| 14:22 | Crear | Villager (Male) |
| 14:22 | Crear | Villager (Male) |
| 14:32 | Construir | Blacksmith |
| 14:50 | Construir | House |
| 14:52 | Construir | House |
| 14:53 | Construir | House |
| 14:57 | Construir | House |
| 14:59 | Construir | House |
| 15:06 | Crear | Villager (Male) |
| 15:06 | Crear | Villager (Male) |
| 15:07 | Crear | Villager (Male) |
| 15:16 | Construir | Farm |
| 15:18 | Construir | Farm |
| 15:43 | Crear | Villager (Male) |
| 15:43 | Crear | Villager (Male) |
| 15:52 | Construir | Farm |
| 16:00 | Construir | Farm |
| 16:02 | Construir | Farm |
| 16:06 | Construir | Farm |
| 16:15 | Crear | Villager (Male) |
| 16:15 | Crear | Villager (Male) |
| 16:26 | Construir | Farm |
| 16:28 | Construir | Farm |
| 16:30 | Construir | Farm |
| 16:32 | Construir | Farm |
| 16:33 | Construir | Farm |
| 16:43 | Construir | Farm |
| 16:44 | Construir | Farm |
| 16:48 | Construir | Farm |
| 16:52 | Construir | Farm |
| 16:53 | Construir | Farm |
| 17:01 | Crear | Villager (Male) |
| 17:01 | Crear | Villager (Male) |
| 17:20 | Construir | Barracks |
| 18:06 | Crear | Villager (Male) |
| 18:07 | Crear | Villager (Male) |
| 18:28 | Construir | Mining Camp |
| 18:46 | Crear | Villager (Male) |
| 18:58 | Construir | Barracks |
| 19:16 | Construir | House |
| 19:18 | Construir | House |
| 19:19 | Construir | House |
| 19:22 | Construir | House |
| 19:23 | Construir | House |
| 19:25 | Construir | House |
| 19:28 | Construir | House |
| 19:32 | Construir | House |
| 19:34 | Construir | House |
| 19:38 | Construir | House |
| 19:45 | Investigar | Castle Age |
| 19:58 | Investigar | Man-at-Arms (upgrade) |
| 20:05 | Investigar | Stone Mining |
| 20:19 | Investigar | Gold Mining |
| 20:30 | Crear | Trade Cart |
| 20:30 | Crear | Trade Cart |
| 20:31 | Crear | Trade Cart |
| 20:31 | Crear | Trade Cart |
| 20:31 | Crear | Trade Cart |
| 20:55 | Construir | Stone Wall |
| 21:01 | Construir | Stone Wall |
| 21:13 | Construir | Building 665 |
| 21:26 | Investigar | Forging |
| 21:28 | Investigar | Scale Mail Armor |
| 21:29 | Investigar | Padded Archer Armor |
| 21:29 | Investigar | Fletching |
| 21:35 | Crear | Villager (Male) |
| 21:35 | Crear | Villager (Male) |
| 21:35 | Crear | Villager (Male) |
| 22:22 | Edad | Edad de los Castillos |
| 22:26 | Construir | Town Center |
| 22:33 | Investigar | Heavy Plow |
| 22:58 | Crear | Villager (Male) |
| 22:58 | Crear | Villager (Male) |
| 23:18 | Crear | Villager (Male) |
| 23:18 | Crear | Villager (Male) ×5 |
| 23:18 | Crear | Villager (Male) ×5 |
| 23:19 | Crear | Villager (Male) ×5 |
| 23:43 | Investigar | Gold Shaft Mining |
| 23:47 | Crear | Villager (Male) |
| 23:47 | Crear | Villager (Male) |
| 24:25 | Construir | Castle |
| 24:29 | Investigar | Pikeman (upgrade) |
| 24:44 | Construir | Town Center |
Cronología de la partida
| 0:32 | Balin · wall_segment Palisade Wall x12 |
| 1:04 | cosaosa · wall_segment Palisade Wall x10 |
| 1:49 | Voodooo · wall_segment Palisade Wall x11 |
| 2:04 | Drak · wall_segment Palisade Wall x9 |
| 2:07 | xxkilla81 · wall_segment Palisade Wall x8 |
| 2:15 | Jam Postman · wall_segment Palisade Wall x2 |
| 2:23 | Balin · wall_segment Palisade Wall x11 |
| 2:59 | UciKopti · wall_segment Palisade Wall x7 |
| 3:01 | Jam Postman · wall_segment Palisade Wall x2 |
| 3:02 | ErmeteTris · wall_segment Palisade Wall x10 |
| 3:10 | Jam Postman · wall_segment Palisade Wall x3 |
| 10:25 | Jam Postman · first_building Barracks |
| 10:27 | cosaosa · age_up feudal |
| 12:07 | xxkilla81 · first_building Barracks |
| 12:27 | Drak · age_up feudal |
| 12:29 | UciKopti · first_building Barracks |
| 12:44 | Drak · wall_segment Stone Wall x11 |
| 13:09 | ErmeteTris · age_up feudal |
| 13:25 | Jam Postman · age_up feudal |
| 14:03 | Balin · age_up feudal |
| 14:16 | Drak · wall_segment Stone Wall x11 |
| 14:47 | Voodooo · age_up feudal |
| 14:49 | Balin · wall_segment Stone Wall x12 |
| 14:49 | ErmeteTris · wall_segment Stone Wall x10 |
| 14:52 | Balin · wall_segment Stone Wall x13 |
| 14:55 | Balin · wall_segment Stone Wall x12 |
| 15:06 | Jam Postman · first_building Archery Range |
| 15:16 | xxkilla81 · wall_segment Stone Wall x8 |
| 15:53 | Drak · wall_segment Stone Wall x12 |
| 16:31 | Balin · wall_segment Stone Wall x12 |
| 17:20 | cosaosa · first_building Barracks |
| 17:31 | UciKopti · first_building Archery Range |
| 17:44 | xxkilla81 · first_building Archery Range |
| 18:31 | Drak · wall_segment Stone Wall x11 |
| 19:09 | UciKopti · wall_segment Stone Wall x11 |
| 19:17 | xxkilla81 · first_building Stable |
| 19:42 | Jam Postman · wall_segment Stone Wall x7 |
| 19:48 | UciKopti · first_market_buy 100 stone |
| 19:57 | Jam Postman · wall_segment Stone Wall x6 |
| 20:13 | Drak · wall_segment Stone Wall x19 |
| 20:50 | Voodooo · wall_segment Stone Wall x12 |
| 20:55 | Balin · first_market_sell 500 wood |
| 20:55 | cosaosa · wall_segment Stone Wall x8 |
| 20:56 | Balin · first_market_buy 500 food |
| 21:01 | cosaosa · wall_segment Stone Wall x5 |
| 21:43 | Jam Postman · age_up castle |
| 21:46 | Drak · wall_segment Stone Wall x11 |
| 21:52 | xxkilla81 · first_market_buy 100 wood |
| 22:03 | ErmeteTris · age_up castle |
| 22:22 | cosaosa · age_up castle |
| 22:24 | xxkilla81 · first_market_sell 100 food |
| 22:29 | Voodooo · age_up castle |
| 22:37 | Voodooo · first_building Castle |
| 22:40 | UciKopti · first_building Stable |
| 23:16 | Drak · age_up castle |
| 23:45 | Voodooo · wall_segment Stone Wall x8 |
| 23:54 | UciKopti · first_market_sell 100 wood |
| 24:17 | UciKopti · first_building Castle |
| 24:25 | cosaosa · first_building Castle |
| 24:59 | Voodooo · first_building Barracks |
| 25:04 | Balin · age_up castle |
| 25:07 | cosaosa · wall_segment Stone Wall x12 |
| 25:17 | cosaosa · wall_segment Stone Wall x1 |
| 25:35 | Balin · first_building Monastery |
| 26:12 | xxkilla81 · first_building Monastery |
| 26:26 | cosaosa · wall_segment Stone Wall x2 |
| 26:29 | cosaosa · wall_segment Stone Wall x2 |
| 26:48 | Jam Postman · first_building Castle |
| 26:53 | Voodooo · first_market_buy 100 wood |
| 26:56 | Balin · first_building Castle |
| 26:58 | ErmeteTris · first_building Castle |
| 27:10 | ErmeteTris · first_market_buy 100 food |
| 27:48 | xxkilla81 · first_building Siege Workshop |
| 27:51 | cosaosa · first_building Monastery |
| 28:45 | ErmeteTris · first_building Monastery |
| 29:13 | Jam Postman · first_building Monastery |
| 29:28 | ErmeteTris · wall_segment Stone Wall x9 |
| 30:18 | Balin · wall_segment Stone Wall x2 |
| 30:57 | xxkilla81 · first_building Castle |
| 31:09 | cosaosa · first_building Archery Range |
| 31:42 | ErmeteTris · wall_segment Stone Wall x12 |
| 32:12 | Drak · first_building Castle |
| 32:36 | ErmeteTris · first_building Siege Workshop |
| 32:47 | ErmeteTris · first_building Barracks |
| 32:56 | Balin · wall_segment Stone Wall x1 |
| 33:04 | Balin · first_building Siege Workshop |
| 33:16 | UciKopti · first_building Siege Workshop |
| 33:31 | Voodooo · age_up imperial |
| 33:59 | Balin · wall_segment Stone Wall x10 |
| 34:13 | Voodooo · first_building Archery Range |
| 35:16 | ErmeteTris · first_building Stable |
| 35:34 | Drak · first_building Monastery |
| 37:26 | Drak · age_up imperial |
| 37:59 | Balin · first_building Stable |
| 38:02 | ErmeteTris · first_building Archery Range |
| 38:41 | cosaosa · age_up imperial |
| 38:50 | Drak · first_building Barracks |
| 38:57 | Jam Postman · first_market_buy 100 food |
| 39:05 | Jam Postman · first_market_sell 100 wood |
| 41:47 | Jam Postman · age_up imperial |
| 42:22 | Balin · age_up imperial |
| 42:29 | ErmeteTris · age_up imperial |
| 43:46 | Jam Postman · first_building Siege Workshop |
| 45:09 | Jam Postman · wall_segment Stone Wall x5 |
| 45:11 | Jam Postman · wall_segment Stone Wall x4 |
| 45:42 | Voodooo · wall_segment Stone Wall x9 |
| 46:43 | Voodooo · wall_segment Stone Wall x10 |
| 51:01 | cosaosa · wall_segment Stone Wall x1 |
| 51:05 | xxkilla81 · wall_segment Stone Wall x3 |
| 58:11 | Drak · first_market_sell 500 food |
| 66:38 | Drak · first_market_buy 100 stone |
| 73:26 | Voodooo · wall_segment Stone Wall x14 |
| 74:38 | ErmeteTris · first_market_sell 500 wood |
| 75:33 | Voodooo · wall_segment Stone Wall x17 |
| 76:28 | Drak · first_building Siege Workshop |
| 78:54 | cosaosa · tribute_sent a jugador 1 |
| 78:54 | cosaosa · tribute_sent a jugador 2 |
| 78:54 | cosaosa · tribute_sent a jugador 3 |
| 78:54 | cosaosa · tribute_sent a jugador 4 |
| 78:54 | cosaosa · tribute_sent a jugador 5 |
| 78:54 | cosaosa · tribute_sent a jugador 6 |
| 78:54 | cosaosa · tribute_sent a jugador 7 |
| 79:06 | Jam Postman · first_building Stable |
| 81:09 | cosaosa · first_building Stable |
| 82:37 | cosaosa · resign |
[ ANÁLISIS IA · 1 CRÉDITO ]
¿Qué pasó realmente en esta partida?
Wolo.gg analiza cada decisión: build order, eco, micro, errores típicos por bracket. Análisis personalizado por WhatsApp o Discord en 30 segundos.
Guía civ
Persas
Guía mapa
Black Forest
Perfil
Jam Postman